 Dungeon Crawl Stone Soup version 0.30.1-11-g7821555f0a (webtiles) character file.

Game seed: 6064057729885650346

126 SacredBeard the Grave Robber (level 4, 0/32 HPs)
             Began as a Demonspawn Necromancer on Nov 5, 2023.
             Slain by a gnoll
             ... wielding a +0 flail
              (6 damage)
             ... on level 2 of the Dungeon.
             The game lasted 00:04:48 (1357 turns).

SacredBeard the Grave Robber (DsNe)                 Turns: 1357, Time: 00:04:48

Health: 0/32       AC:  2    Str:  9    XL:     4   Next: 83%
Magic:  1/7        EV: 12    Int: 16    God:
Gold:   76         SH:  0    Dex: 15    Spells: 7/8 levels left

rFire   . . .        f - +2 dagger (venom)
rCold   . . .        (no shield)
rNeg    . . .        a - +0 robe
rPois   .            (no helmet)
rElec   .            (no cloak)
rCorr   .            (no gloves)
SInv    .            (no boots)
Will    .....        (no amulet)
Stlth   ++           (no ring)
HPRegen 0.25/turn    (no ring)
MPRegen 0.20/turn

%: no passive effects
@: no status effects
A: powered by death 1, magic regeneration, demonic touch 1
a: no special abilities


You were on level 2 of the Dungeon.
You visited 1 branch of the dungeon, and saw 2 of its levels.

You collected 76 gold pieces.

Inventory:

Hand Weapons
 f - a +2 dagger of venom (weapon)
Missiles
 e - 3 poisoned darts
 m - 13 stones
Armour
 a - a +0 robe (worn)
Scrolls
 b - 2 scrolls of fog {unknown}
 d - a scroll of vulnerability {unknown}
 g - 2 scrolls of enchant armour {unknown}
 i - 2 scrolls of teleportation {unknown}
 k - a scroll of silence {unknown}
Potions
 c - 2 potions of curing {unknown}
 h - 3 potions of flight {unknown}
 j - 2 potions of brilliance {unknown}
 l - a potion of haste {unknown}
 n - a potion of ambrosia {unknown}


   Skills:
 + Level 1.4 Fighting
 + Level 0.8 Throwing
 + Level 1.2 Armour
 - Level 2.0 Dodging
 + Level 2.4 Stealth
 + Level 2.5 Spellcasting
 * Level 5.2 Necromancy


You had 7 spell levels left.
You knew the following spells:

 Your Spells              Type           Power      Damage    Failure   Level
a - Necrotise             Necr           72%        1d7       2%          1

Your spell library contained the following spells:

 Spells                   Type           Power      Damage    Failure   Level
 Vampiric Draining        Necr           18%        2d7       7%          3
 Animate Dead             Necr           18%        N/A       22%         4
 Blink                    Tloc           4%         N/A       30%         2
 Lesser Beckoning         Tloc           4%         N/A       30%         2
 Momentum Strike          Conj/Tloc      4%         3d8       30%         2
 Ozocubu's Armour         Ice            2%         N/A       52%         3
 Agony                    Necr           18%        N/A       54%         5
 Metabolic Englaciation   Hex/Ice        1%         N/A       99%         5
 Simulacrum               Ice/Necr       5%         N/A       100%        6


Dungeon Overview and Level Annotations

Branches:
Dungeon (2/15) Zot: 10634

Altars:

Shops:
D:1 [


Innate Abilities, Weirdness & Mutations

You regenerate a little health from kills.
You regenerate magic rapidly.
Your touch may inflict minor irresistible damage on your foes.


Message History

You see here a +0 giant spiked club.
j - 2 cyan potions (gained 1)
A gnoll comes into view. It is wielding a +0 flail.
The gnoll shouts!
The gnoll writhes in agony.
You hear an angry hiss.
The gnoll barely resists.
A gnoll comes into view. It is wielding a +0 flail.
A gnoll comes into view. It is wielding a +0 spear.
The gnoll writhes in agony.
The gnoll shouts!
The gnoll barely resists.
The gnoll barely misses you.
A gnoll comes into view. It is wielding a +0 whip.
The gnoll writhes in agony.
The gnoll misses you.
The gnoll writhes in agony.
The gnoll hits you with a +0 flail!
You are too injured to fight recklessly!
You are too injured to fight recklessly!
You are too injured to fight recklessly!
The gnoll attacks as you move away! The gnoll hits you with a +0 flail!
Casting: Necrotise (safe; 2% risk of failure)
Confirm with . or Enter, or press ? or * to list all spells.
Aiming: Necrotise (safe; 2% risk of failure)
Press: ? - help, Shift-Dir - straight line, f/p - gnoll
Aim: a gnoll, wielding a +0 flail (severely wounded, chance to affect: 83%)
The gnoll writhes in agony.
The gnoll hits you with a +0 flail.
* * * LOW HITPOINT WARNING * * *
Casting: Necrotise (safe; 2% risk of failure)
Confirm with . or Enter, or press ? or * to list all spells.
Aiming: Necrotise (safe; 2% risk of failure)
Press: ? - help, Shift-Dir - straight line, f/p - gnoll
Aim: a gnoll, wielding a +0 flail (almost dead, chance to affect: 83%)
The gnoll writhes in agony.
You kill the gnoll!
The dead are walking!
A ball python comes into view.
You closely miss the gnoll. The gnoll misses you.
You barely miss the gnoll.
The gnoll hits your gnoll skeleton with a +0 whip.
The gnoll hits you with a +0 flail.
You die...

##################### ....
.........#.......)...
....#########.#.##########
..........###...######
##...#>..............#####
.......##@##.<............
........#g##....####..####
........gZ##.....)........
....g.g.g..#<#.##..###..##
...............##..# ##.##
......##..)........# #.##
...... #....##.###.# #.##
..... ##..)##.##.[####..#
..... #.................


You could see 3 gnolls and a friendly gnoll skeleton.

Vanquished Creatures
  Natasha (twice) (D:2)
  2 gnolls
  A worm (D:2)
  A dart slug (D:1)
  4 bats
  4 endoplasms
  A giant cockroach (D:1)
  3 goblins (D:1)
  2 hobgoblins
  3 jackals (D:1)
  3 quokkas
  6 ball pythons
  5 frilled lizards
  3 kobolds (D:2)
  5 rats
45 creatures vanquished.

Vanquished Creatures (collateral kills)
  3 endoplasms
3 creatures vanquished.

Grand Total: 48 creatures vanquished

Notes
Turn   | Place    | Note
-------+----------+-------------------------------------------
     0 | D:1      | SacredBeard the Demonspawn Necromancer began the quest for
                  | the Orb.
     0 | D:1      | Reached XP level 1. HP: 13/13 MP: 3/3
    80 | D:1      | Gained mutation: You regenerate a little health from kills.
                  | [demonic ancestry]
    80 | D:1      | Reached XP level 2. HP: 19/20 MP: 3/5
   426 | D:1      | Gained mutation: You regenerate magic rapidly. [demonic
                  | ancestry]
   426 | D:1      | Reached XP level 3. HP: 25/25 MP: 3/6
   669 | D:1      | Found Iforghunk's Armour Shoppe.
   669 | D:1      | Noticed an animated crystal plate armour
   670 | D:1      | Noticed an animated pearl dragon scales
   855 | D:2      | Noticed Natasha
   863 | D:2      | Killed Natasha
   864 | D:2      | Reached skill level 1 in Fighting
   864 | D:2      | Reached skill level 1 in Armour
   864 | D:2      | Reached skill level 5 in Necromancy
   864 | D:2      | Gained mutation: Your touch may inflict minor irresistible
                  | damage on your foes. [demonic ancestry]
   864 | D:2      | Reached XP level 4. HP: 22/32 MP: 0/7
  1098 | D:2      | Noticed Natasha
  1106 | D:2      | Killed Natasha
  1357 | D:2      | Slain by a gnoll

Illustrated notes

Levels and vault maps discovered:
D:1:      dpeg_arrival_round_a, layout_rooms, serial_shops,
          nicolae_shop_mannequins
D:2:      layout_basic, uniq_natasha

Skill      XL: |  1  2  3 |
---------------+----------+-----
Stealth        | 2 |  2.4
Dodging        | 2 |  2.0
Fighting       | 1 |  1.4
Armour         | 1 |  1.2
Necromancy     | 5 |  5.2
Throwing       | |  0.8
Spellcasting   | |  2.5

Action                     |  1- 3 |  4- 6 || total
---------------------------+-------+-------++-------
  Melee: Club              |     5 |       ||     5
         Dagger            |    19 |     4 ||    23
         Unarmed           |     2 |       ||     2
   Cast: Necrotise         |    49 |    41 ||    90
    Use: Potion            |     1 |       ||     1
 Armour: Robe              |     2 |     1 ||     3
  Dodge: Dodged            |    21 |     7 ||    28
